 Dungeon Crawl Stone Soup version 0.18-a0-1026-ge317a7f (webtiles) character file.

103 Jmtri7 the Skirmisher (level 4, 0/42 HPs)
             Began as a Hill Orc Monk on Jan 8, 2016.
             Succumbed to a scorpion's poison
             ... on level 4 of the Dungeon.
             The game lasted 00:11:15 (2708 turns).

Jmtri7 the Skirmisher (Hill Orc Monk)               Turns: 2708, Time: 00:11:15

Health: 0/42       AC:  6    Str: 14    XL:     4   Next: 79%
Magic:  4/4        EV: 11    Int: 10    God:
Gold:   159        SH:  0    Dex: 13    Spells: 0 memorised, 3 levels left

rFire  . . .     SeeInvis .     t - +0 hand axe
rCold  . . .     Gourm    .     d - +0 ring mail
rNeg   . . .     Faith    .     (no shield)
rPois  .         Spirit   .     (no helmet)
rElec  .         Dismiss  .     w - +0 cloak
rCorr  .         Reflect  .     (no gloves)
SustAt .         Harm     .     (no boots)
MR     .....                    q - amulet of rage
Stlth  +.........               (no ring)
                                m - ring of flight

@: lethally poisoned (0 -> -8), not resistant to hostile enchantments, very
unstealthy
A: no striking features
a: Evoke Berserk Rage, Evoke Flight


You were on level 4 of the Dungeon.
You were hungry.

You visited 1 branch of the dungeon, and saw 4 of its levels.

You collected 159 gold pieces.

Inventory:

Hand Weapons
 t - a +0 hand axe (weapon)
Armour
 d - a +0 ring mail (worn)
 w - a +0 cloak (worn)
Jewellery
 m - a ring of flight (left hand)
 q - an amulet of rage (around neck)
Scrolls
 c - 2 scrolls of identify
 i - 2 scrolls of remove curse
 j - a scroll of amnesia
 l - a scroll of enchant armour {unknown}
 n - a scroll of noise {unknown}
 r - a scroll of fog {unknown}
Potions
 e - a potion of agility {unknown}
 g - 2 potions of flight
 o - a potion of curing {unknown}
 p - a potion of cure mutation {unknown}
 s - a potion of brilliance {unknown}
 v - a potion of lignification {unknown}
Books
 a - an Akashic Record

   Spells                             Type                      Level
   a - Dispersal                      Translocation                6
   b - Malign Gateway                 Summoning/Translocation      7
   c - Disjunction                    Translocation                8
   d - Controlled Blink               Translocation                8
Comestibles
 b - 5 bread rations
 f - a meat ration
 h - a slice of pizza


   Skills:
 - Level 5.6 Fighting
 * Level 3.1 Axes
 - Level 2.4 Dodging
 - Level 1.5 Stealth
 - Level 4.3 Unarmed Combat


You had 3 spell levels left.
You didn't know any spells.

Dungeon Overview and Level Annotations

Branches:
Dungeon (4/15)             Temple (0/1) D:4

Altars:
Ashenzari
Sif Muna


Message History

You feel sick.
The scorpion stings you but does no damage.
You fail to use your ability.
* * * LOW HITPOINT WARNING * * *
You feel sick. The scorpion closely misses you.
You hit the scorpion but do no damage.
The scorpion is heavily wounded.
* * * LOW HITPOINT WARNING * * *
You feel sick. The scorpion closely misses you.
You closely miss the scorpion.
The scorpion is heavily wounded.
* * * LOW HITPOINT WARNING * * *
You feel sick. The scorpion completely misses you.
You closely miss the scorpion.
The scorpion is heavily wounded.
* * * LOW HITPOINT WARNING * * *
You feel sick. The scorpion closely misses you.
You hit the scorpion.
The scorpion is heavily wounded.
You die...

## ## #.. . #.# .
#.#.# # #.#.# #.
....# ##
###.#########.#.#....
.........@..........>
#.......%s##.#.#.##
##...................
.......<...##.#.#####
#.#.....#..##.....
.#.#....#..####.###
#.#.#...#..# ..
.>.#.......# .
#.#.#.#.##..


You could see a scorpion.

Vanquished Creatures
  A hound (D:4)
  2 adders
  4 giant geckos
  2 giant cockroaches (D:1)
  5 goblins
  7 hobgoblins
  3 jackals (D:3)
  A quokka (D:4)
  A ball python (D:3)
  6 bats
  2 giant newts (D:1)
  6 kobolds
  11 rats
51 creatures vanquished.

Notes
Turn   | Place    | Note
--------------------------------------------------------------
     0 | D:1      | Jmtri7 the Hill Orc Monk began the quest for the Orb.
     0 | D:1      | Reached XP level 1. HP: 19/19 MP: 1/1
    81 | D:1      | Reached XP level 2. HP: 5/27 MP: 2/2
   750 | D:1      | Reached XP level 3. HP: 35/35 MP: 3/3
   804 | D:1      | Reached skill level 5 in Fighting
  1923 | D:3      | Found a shattered altar of Ashenzari.
  1923 | D:3      | Found a deep blue altar of Sif Muna.
  2103 | D:3      | Reached XP level 4. HP: 37/42 MP: 4/4
  2104 | D:3      | Reached skill level 1 in Axes
  2613 | D:4      | Found a staircase to the Ecumenical Temple.
  2706 | D:4      | HP: 2/42 [poisoned by a scorpion]
  2708 | D:4      | Succumbed to a scorpion's poison

Vault maps used:
D:1:      minmay_arrival_shattered_statue, feat_on_display
D:2:      hex_tiny
D:3:      amethyst_overflow_temple_binary, st_stairs_7
D:4:      kennysheep_the_goblin_king, kennysheep_mini_moat,
          minmay_temple_entry_grid, first_bread, minmay_misc_feat_plants,
          minmay_rat_hole, uniq_blork_the_orc

Action                   |  1- 3 |  4- 6 || total
-------------------------+-------+-------++-------
Melee: Unarmed           |    98 |       ||    98
       Club              |    84 |       ||    84
       Hand axe          |     5 |    47 ||    52
  Use: Scroll            |       |     5 ||     5
 Stab: Sleeping          |     2 |       ||     2
  Eat: Bread ration      |     1 |       ||     1
       Chunk             |     1 |       ||     1
